Map: Incorporeal LE

Players

LiquidMaNa (MaNa) - Winner!

  • Race: Protoss Protoss
  • League: Grandmaster
  • Spawn Location: 5:00

ArT

  • Race: Protoss Protoss
  • League: Master
  • Spawn Location: 11:00

Event: FEL Cracov 2025

VOD

Have the link to the VOD?

Description

Time

  • Played on: July 27, 2025, 10:35 a.m.
  • Length: 12:24

All games in this series

Show
View Real Time Build Order
Export as new Build Order

LiquidMaNa Protoss - Winner!

Build Orders: Phoenix Opening, Archon Immortal 

Get SALT Encoding   

  12  0:00  Probe  
  13  0:12  Probe  
  14  0:17  Pylon  
  14  0:23  Probe  
  15  0:31  Probe  
  15  0:38  Gateway  
  15  0:39  Probe  
  16  0:46  Assimilator  
  17  0:50  Probe  
  18  0:59  Probe  
  19  1:04  Assimilator  
  19  1:05  Pylon  
  19  1:07  Probe  
  20  1:17  Probe  
  20  1:25  Cybernetics Core  
  21  1:27  Zealot  
  21  1:30  Probe  
  24  1:42  Probe  
  25  1:54  Probe  
  25  2:00  Sentry  
  25  2:01  Warp Gate  
  28  2:10  Nexus  
  28  2:17  Pylon  
  28  2:23  Probe  
  31  2:35  Probe  
  32  2:43  Adept  
  31  2:46  Stargate  
  31  2:48  Probe  
  31  2:49  Shield Battery  
  32  2:55  Shield Battery  
  32  3:01  Probe  
  33  3:09  Shield Battery  
  33  3:13  Probe  
  33  3:15  Stalker  
  33  3:16  Phoenix  
  36  3:21  Probe  
  36  3:25  Probe, Phoenix  
  38  3:34  Probe  
  40  3:37  Probe  
  38  3:45  Phoenix  
  38  3:46  Probe  
  39  3:49  Probe  
  42  3:57  Stalker  
  42  3:58  Probe  
  42  4:01  Probe  
  42  4:02  Phoenix  
  46  4:10  Probe  
  46  4:13  Probe  
  50  4:19  Robotics Facility  
  50  4:23  Probe  
  51  4:27  Pylon, Probe  
  52  4:32  Phoenix  
  54  4:43  Pylon, Shield Battery  
  54  4:45  Probe x2  
  56  4:46  Stalker  
  58  4:55  Pylon  
  58  4:57  Assimilator, Probe x2  
  60  5:01  Immortal  
  60  5:02  Assimilator  
  60  5:09  Probe  
  60  5:13  Probe  
  66  5:21  Probe  
  66  5:25  Probe  
  68  5:29  Twilight Council, Forge, Zealot  
  68  5:30  Immortal  
  68  5:33  Probe  
  75  5:44  Probe  
  75  5:45  Probe  
  75  5:47  Pylon  
  77  5:53  Pylon  
  77  5:55  Stalker  
  77  5:59  Pylon  
  77  6:03  Observer, Protoss Ground Weapons Level 1  
  78  6:13  Charge  
  78  6:15  Immortal  
  78  6:17  Pylon  
  78  6:18  Probe  
  78  6:22  Pylon  
  78  6:24  Pylon  
  82  6:39  Zealot  
  83  6:47  Warp Prism  
  85  6:56  Gateway  
  85  6:57  Gateway  
  85  7:00  Gateway  
  85  7:02  Gateway, Probe x2  
  87  7:13  Nexus  
  87  7:14  Pylon, Immortal  
  87  7:19  Zealot  
  89  7:29  Probe  
  95  7:36  Shield Battery, Protoss Ground Weapons Level 2  
  95  7:37  Gateway  
  95  7:41  Gateway  
  94  7:47  Templar Archives  
  94  7:52  Zealot x2  
  94  7:56  Zealot  
  94  7:57  Observer  
  101  8:10  Pylon  
  101  8:15  Probe x2  
  103  8:26  Probe  
  104  8:28  High Templar x5  
  104  8:29  Gateway  
  104  8:31  Probe x2  
  116  8:34  Archon x2  
  116  8:38  High Templar, Zealot  
  118  8:47  Archon  
  116  9:00  High Templar x2  
  116  9:01  Zealot x4  
  128  9:05  Archon  
  128  9:06  Pylon x2  
  128  9:08  Pylon  
  132  9:10  Immortal  
  132  9:14  Zealot  
  134  9:19  Gateway x2  
  134  9:26  Zealot x5  
  142  9:36  Zealot x3  
  120  9:50  Zealot x5  
  100  10:00  Immortal  
  100  10:05  Zealot x2  
  90  10:08  Zealot  
  90  10:11  Zealot x5  
  93  10:15  Zealot x2  
  94  10:27  Zealot x2  
  94  10:33  High Templar x6  
  101  10:35  Warp Prism  
  101  10:38  Archon x2  
  101  10:39  Archon  
  103  10:57  High Templar x2, Zealot x2  
  97  11:04  Archon  
  97  11:08  Zealot x3  
  93  11:20  Zealot x3  
  91  11:45  Zealot x6  
  83  12:01  High Templar x4  
  83  12:05  Archon x2  
  83  12:06  Zealot x3  
Show
View Real Time Build Order
Export as new Build Order

ArT Protoss 

Build Orders: Oracle Opening, Blink Stalkers 

Get SALT Encoding   

  12  0:00  Probe  
  13  0:12  Probe  
  14  0:17  Pylon  
  14  0:24  Probe  
  15  0:32  Probe  
  15  0:36  Gateway  
  15  0:40  Probe  
  16  0:46  Assimilator  
  17  0:51  Probe  
  17  0:54  Assimilator  
  18  0:59  Probe  
  19  1:07  Probe  
  19  1:08  Gateway  
  19  1:17  Probe  
  20  1:24  Cybernetics Core  
  21  1:29  Probe  
  22  1:36  Pylon  
  22  1:41  Probe  
  23  2:00  Stargate  
  23  2:03  Adept x2  
  23  2:07  Warp Gate  
  27  2:13  Pylon  
  27  2:19  Probe  
  28  2:34  Oracle  
  28  2:40  Probe  
  36  3:02  Nexus  
  36  3:04  Probe  
  33  3:13  Shield Battery  
  33  3:15  Oracle  
  33  3:17  Probe  
  37  3:24  Pylon  
  37  3:29  Probe  
  36  3:41  Probe  
  36  3:42  Twilight Council  
  36  3:46  Gateway  
  37  3:48  Blink  
  37  3:54  Probe  
  38  3:57  Stalker  
  38  4:01  Stalker  
  42  4:06  Probe  
  43  4:15  Probe  
  44  4:18  Probe  
  45  4:26  Stalker  
  45  4:31  Probe x2  
  49  4:38  Stalker  
  51  4:41  Stalker  
  51  4:44  Probe  
  54  4:47  Probe  
  54  4:50  Stalker  
  57  4:56  Pylon  
  57  4:58  Probe  
  57  4:59  Probe  
  59  5:08  Stalker  
  59  5:13  Shield Battery  
  61  5:17  Stalker  
  61  5:18  Stalker  
  61  5:24  Pylon  
  61  5:25  Probe x2  
  63  5:30  Gateway  
  63  5:33  Stalker  
  65  5:39  Probe  
  65  5:40  Pylon  
  66  5:44  Stalker  
  66  5:47  Stalker  
  70  5:56  Stalker  
  72  5:59  Assimilator, Probe  
  72  6:00  Probe  
  74  6:09  Stalker  
  74  6:10  Stalker  
  78  6:16  Charge  
  78  6:21  Stalker  
  80  6:28  Nexus  
  80  6:29  Probe, Pylon  
  81  6:40  Gateway  
  81  6:41  Probe x2  
  83  6:53  Probe  
  83  6:54  Probe  
  83  6:55  Gateway  
  83  6:59  Gateway  
  83  7:06  Probe x2  
  83  7:07  Robotics Facility  
  85  7:10  Pylon  
  85  7:18  Probe  
  85  7:20  Templar Archives  
  86  7:22  Pylon, Gateway  
  86  7:23  Gateway  
  86  7:25  Probe  
  87  7:30  Probe  
  87  7:36  Zealot x3  
  94  7:40  Probe  
  95  7:44  Warp Prism  
  95  7:56  Pylon  
  97  7:59  High Templar x2  
  97  8:00  Zealot x2  
  97  8:01  Probe  
  106  8:06  Archon  
  106  8:07  Zealot x3  
  106  8:12  Pylon  
  112  8:14  Pylon  
  112  8:20  Zealot x3  
  118  8:29  High Templar x2  
  118  8:30  Zealot  
  118  8:33  Archon  
  118  8:34  Zealot x2  
  128  8:41  Pylon  
  128  8:43  Pylon  
  128  9:02  High Templar x2  
  131  9:03  Zealot x5  
  131  9:04  Zealot  
  131  9:06  Probe  
  131  9:07  Pylon  
  131  9:08  Archon  
  144  9:10  Pylon  
  143  9:19  Zealot x2  
  143  9:24  Warp Prism  
  145  9:25  Zealot x3  
  149  9:38  Zealot x4  
  149  9:39  Zealot  
  138  9:48  Zealot x4  
  129  9:57  Probe  
  96  10:02  Zealot x5  
  98  10:07  Warp Prism  
  98  10:10  High Templar x2, Zealot  
  104  10:20  Archon  
  96  10:21  Zealot  
  96  10:22  Zealot x5  
  96  10:24  Probe  
  107  10:34  Probe  
  107  10:35  High Templar, Assimilator  
  90  10:37  Assimilator  
  86  10:43  High Templar, Zealot x4  
  86  10:44  Zealot  
  86  10:48  Probe  
  99  10:50  Archon  
  99  10:52  Zealot  
  101  10:59  Zealot  
  101  11:03  Shield Battery  
  85  11:06  Zealot x5  
  85  11:08  Shield Battery  
  83  11:16  High Templar x2  
  83  11:17  Zealot  
  85  11:20  Zealot  
  85  11:21  Zealot, Archon  
  87  11:27  Shield Battery  
  87  11:28  Zealot x3  
  93  11:32  Zealot  
  93  11:38  Zealot  
  81  11:45  Zealot x2  
  81  11:46  Zealot  
  75  11:52  Zealot x2  
Tags
 
Add a new tag
Caveats
  • Supply blocks, unpowered buildings, or Contaminate may cause inaccurate times.
  • Supply counts are checked every 10 seconds.